AoeStats
← 投掷哥布林

African Clearing

510726830Analyzed
4v4 RM · 2d ago on Oct 2, 2026· 56m 24s· 8 players
Game mode
Random Map
Map size
Large (8 player)
Population
200
Speed
Normal
Resources
Standard
Victory
Conquest
Starting age
Dark Age
Ending age
Imperial Age
RankedLock teamsTeams togetherTeam positionsShared explorationLock speedFull tech treeHidden civsTurbo modeCheats
Victory
Defeat
🇪🇸 Khmer · Spain
1607
+19
🇳🇱 Aztecs · Netherlands
1579
+20
🇦🇺 Burmese · Australia
1570
+21
🇦🇷 Maya · Argentina
1563
+21
🇨🇳 Portuguese · China
1735
-23
1704
-21
🇨🇳 Wu · China
1688
-21
🇨🇳 Tupi · China
1567
-16
投掷哥布林
3:15 Loom
13:54 Feudal Age
17:58 Castle Age
16:28 Double-Bit Axe
16:29 Horse Collar
17:04 Arson
17:21 Scale Mail Armor
19:04 Bow Saw
19:02 Squires
20:45 Town Watch
23:52 Forging
24:44 Chain Mail Armor
26:40 Wheelbarrow
29:24 Iron Casting
31:31 Hand Cart
37:23 Imperial Age
34:46 Gold Mining
37:33 Heavy Plow
38:11 Gold Shaft Mining
37:26 Stone Mining
38:47 Plate Mail Armor
38:38 Conscription
39:25 Blast Furnace
40:18 Pikeman
42:31 Halberdier
43:23 Fletching
46:45 Man-at-Arms
49:46 Bodkin Arrow
49:52 Padded Archer Armor
51:02 Two-Man Saw
香辣鸡翅
9:08 Loom
13:13 Feudal Age
14:08 Double-Bit Axe
15:18 Horse Collar
23:23 Castle Age
21:35 Fletching
22:22 Padded Archer Armor
22:51 Gold Mining
22:55 Stone Mining
23:36 Crossbowman
24:13 Bodkin Arrow
25:03 Leather Archer Armor
33:17 Wheelbarrow
34:27 Ballistics
36:37 Hand Cart
36:13 Pikeman
37:37 Forging
37:27 Scale Mail Armor
41:06 Imperial Age
40:28 Town Watch
41:46 Chain Mail Armor
42:24 Conscription
42:11 Squires
45:32 Bow Saw
46:26 Plate Mail Armor
种田人口才是基本盘
4:02 Loom
13:42 Feudal Age
17:53 Castle Age
16:06 Double-Bit Axe
26:37 Wheelbarrow
34:15 Horse Collar
48:16 Heavy Plow
51:09 Gold Mining
54:22 Imperial Age
53:26 Hand Cart
53:31 Bloodlines
53:53 Husbandry
54:40 Scale Barding Armor
十大地方
11:11 Feudal Age
11:42 Double-Bit Axe
15:48 Fletching
18:12 Loom
20:53 Castle Age
20:31 Padded Archer Armor
27:07 Bow Saw
29:14 Bodkin Arrow
37:35 Gold Mining
38:01 Stone Mining
42:39 Imperial Age
43:44 Conscription
43:48 Pikeman
44:40 Halberdier
47:13 Scale Mail Armor
49:32 Forging
50:13 Cavalier
52:04 Scale Barding Armor
53:57 Bloodlines
gjizhijian6866
13:08 Feudal Age
13:11 Loom
16:48 Castle Age
14:52 Double-Bit Axe
16:12 Horse Collar
19:12 Fletching
19:36 Bow Saw
21:03 Fletching
21:28 Gold Mining
22:32 Bodkin Arrow
24:36 Padded Archer Armor
38:27 Leather Archer Armor
43:29 Town Watch
47:41 Wheelbarrow
55:50 Sanctity
milarreach
8:45 Loom
12:33 Feudal Age
13:00 Double-Bit Axe
13:06 Horse Collar
16:26 Fletching
19:21 Wheelbarrow
20:51 Town Watch
28:16 Castle Age
29:07 Padded Archer Armor
29:10 Gold Mining
31:25 Castle Age
33:36 Bow Saw
33:28 Heavy Plow
33:17 Elite Skirmisher
34:29 Hand Cart
35:29 Ballistics
38:21 Bodkin Arrow
44:08 Imperial Age
44:53 Double Crossbow
45:24 Siege Engineers
47:44 Chemistry
47:14 Heavy Scorpion
47:40 Capped Ram
48:47 Siege Ram
54:18 Scale Mail Armor
54:29 Forging
53:57 Pikeman
54:23 Arson
Arie
12:28 Feudal Age
14:06 Double-Bit Axe
18:19 Castle Age
17:16 Scale Mail Armor
18:35 Eagle Warrior
22:01 Chain Mail Armor
22:07 Squires
22:28 Loom
23:19 Wheelbarrow
29:13 Forging
30:07 Man-at-Arms
33:56 Iron Casting
34:42 Fletching
37:56 Man-at-Arms
44:26 Imperial Age
43:32 Gold Mining
44:30 Arson
44:29 Elite Eagle Warrior
45:51 Plate Mail Armor
46:04 Garland Wars
49:21 Blast Furnace
51:50 Hand Cart
53:23 Man-at-Arms
Mau5
12:03 Loom
14:42 Feudal Age
18:28 Castle Age
19:04 Fishing Lines
21:13 Horse Collar
23:39 Padded Archer Armor
27:05 Gillnets
29:45 Bloodlines
29:36 Husbandry
30:47 Town Watch
34:43 Imperial Age
32:17 Heavy Plow
33:01 Wheelbarrow
32:55 Scale Barding Armor
33:01 Forging
34:14 Chain Barding Armor
36:01 Plate Barding Armor
35:56 Howdah
38:23 Iron Casting
38:32 Hand Cart
38:41 Elite Battle Elephant
41:09 Blast Furnace
40:23 Fletching
42:37 Bodkin Arrow
44:18 Crop Rotation
43:52 Town Patrol
44:15 Conscription
45:12 Coinage
45:49 Bracer
46:12 Ballistics
46:52 Chemistry
46:25 Banking
53:10 Caravan
Connection lost

Rejoining the realm…

Still unreachable

The connection could not be restored.

Session expired

The server has moved on; the page needs a fresh start.